 Dungeon Crawl Stone Soup version 0.27-a0-1595-g0b823d0a13 (webtiles) character file.

Game seed: 10741151939706232079

51 Sin92 the Skirmisher (level 3, -8/29 HPs)
             Began as a Demonspawn Fighter on July 20, 2021.
             Killed by divine providence
             ... invoked by an orc priest
              (11 damage)
             ... on level 3 of the Dungeon.
             The game lasted 00:01:58 (2141 turns).

Sin92 the Skirmisher (Demonspawn Fighter)           Turns: 2141, Time: 00:01:58

Health: -8/29      AC:  6    Str: 13 (16) XL:     3   Next: 58%
Magic:  3/3        EV:  6    Int:  6 (9)  God:
Gold:   66         SH:  8    Dex: 11 (13) Spells: 2/2 levels left

rFire    . . .     SeeInvis .   a - +1 long sword
rCold    . . .     Faith    .   c - +0 kite shield
rNeg     . . .     Spirit   .   b - +0 scale mail
rPois    .         Reflect  .   (helmet restricted)
rElec    .         Harm     .   (no cloak)
rCorr    .         Rampage  .   (no gloves)
Will     .....                  (no boots)
Stlth    ..........             (no amulet)
HPRegen  0.09/turn              (no ring)
MPRegen  0.08/turn              (no ring)

@: mighty
A: horns 1, ignite blood 1
a: no special abilities


You were on level 3 of the Dungeon.
You visited 1 branch of the dungeon, and saw 3 of its levels.

You collected 66 gold pieces.

Inventory:

Hand Weapons
 a - a +1 long sword (weapon)
Armour
 b - a +0 scale mail (worn)
 c - a +0 kite shield (worn)
Scrolls
 e - 2 scrolls of immolation
 g - a scroll of amnesia


   Skills:
 + Level 3.3 Fighting
 + Level 2.2 Long Blades
 + Level 3.0 Armour
 + Level 1.1 Dodging
 + Level 3.0 Shields


You had 2 spell levels left.
You didn't know any spells.
Your spell library contained the following spells:

 Spells                   Type           Power      Damage    Failure   Level
 Borgnjor's Revivificati  Necr           0%         N/A       100%        8
 Necromutation            Tmut/Necr      0%         N/A       100%        8
 Death's Door             Necr           0%         N/A       100%        9


Dungeon Overview and Level Annotations

Branches:
Dungeon (3/15)

Altars:


Innate Abilities, Weirdness & Mutations

You have a pair of small horns on your head.
Your demonic aura sometimes causes spilled blood to erupt in flames.


Message History

The adder barely misses you.
You riposte.
You miss the adder. You block the orc's attack.
The orc priest miscasts a cantrip.
You climb upwards.
There is a stone staircase leading down here.
The adder bites you.
* * * LOW HITPOINT WARNING * * *
You block the adder's attack.
You feel better. The orc hits you but does no damage.
You feel very mighty all of a sudden. The orc hits you but does no damage.
You completely miss the orc. The orc hits you but does no damage. x2
You slash the orc!
You kill the orc!
The adder barely misses you.
You barely miss the adder. You headbutt the adder!
The adder is severely wounded.
The adder bites you. You block the adder's attack.
You slash the adder!
You kill the adder!
Things that are here:
a +0 dagger; a +0 ring mail; an adder corpse
There is a stone staircase leading down here.
You climb downwards.
The orc hits you with a +0 war axe.
The orc priest calls down the wrath of Beogh upon you.
Pain shoots through your body!
* * * LOW HITPOINT WARNING * * *
You block the orc's attack. x2
There is a stone staircase leading up here.
Unknown command.
Your shield prevents you from hitting the orc.
You block the orc's attack. x2
The orc priest begins to cast a cantrip, but forgets the words!
You block the orc's attack. The orc hits you with a +0 war axe.
* * * LOW HITPOINT WARNING * * *
You hit the orc.
The orc is almost dead.
The orc priest calls down the wrath of Beogh upon you.
Beogh smites you!
You die...

#....# #....# #....#
#....# #....# #....#
#....# #.@o.# #....#
#o...#
#############†o..#.#
..(................#
.................###
........†........#
.................#
####.###.#########


You could see an orc priest and 2 orcs.

Vanquished Creatures
  An adder (D:2)
  A dart slug (D:2)
  An orc (D:2)
  An endoplasm (D:1)
  5 giant cockroaches
  A goblin (D:1)
  4 hobgoblins
  4 kobolds
  3 quokkas (D:1)
  6 ball pythons
  5 bats
  2 frilled lizards (D:1)
  2 rats
36 creatures vanquished.

Notes
Turn   | Place    | Note
-------+----------+-------------------------------------------
     0 | D:1      | Sin92 the Demonspawn Fighter began the quest for the Orb.
     0 | D:1      | Reached XP level 1. HP: 18/18 MP: 1/1
   224 | D:1      | Gained mutation: Your demonic aura sometimes causes spilled
                  | blood to erupt in flames. [demonic ancestry]
   224 | D:1      | Reached XP level 2. HP: 19/24 MP: 2/2
  1506 | D:2      | Gained mutation: You have a pair of small horns on your
                  | head. [demonic ancestry]
  1506 | D:2      | Reached XP level 3. HP: 29/29 MP: 3/3
  1623 | D:2      | Reached skill level 1 in Dodging
  2141 | D:3      | Killed from afar by an orc priest

Illustrated notes

Levels and vault maps discovered:
D:1:      eino_arrival_cavern_e, layout_loops_ring
D:2:      layout_loops_corners
D:3:      layout_basic

Skill      XL: |  1  2  3 |
---------------+----------+-----
Long Blades    | 2 |  2.2
Dodging        | 1 |  1.1
Shields        | 3 |  3.0
Armour         | 3 |  3.0
Fighting       | |  3.3

Action                   || total
-------------------------++-------
Melee: Long sword        ||   108
       Headbutt          ||     5
  Use: Scroll            ||     6
       Potion            ||     4
Armor: Scale mail        ||    65
Dodge: Dodged            ||    51
Block: Kite shield       ||    74
       Rpst.: Long sword ||    20

Table legend: (Time is in decaauts)
 A = Elapsed time spent in this place.
 B = Non-inter-level travel time spent in this place.
 C = Inter-level travel time spent in this place.
 D = Time resting spent in this place.
 E = Time spent auto-exploring this place.
 F = Levels seen in this place.
 G = Mean time per level.
                   A        B        C        D        E       F      G
               +--------+--------+--------+--------+--------+-----+--------+
         Total |   2200 |   2153 |     47 |    225 |   1628 |   3 |  733.3 |
       Dungeon |   2200 |   2153 |     47 |    225 |   1628 |   3 |  733.3 |
               +--------+--------+--------+--------+--------+-----+--------+

Top non-repeatable levels by time:
     D:1: 1297 daAuts
     D:2: 808 daAuts
     D:3: 95 daAuts
